| TOP OF THE 1ST |
|
Texas Rangers batting - Pitching for Kansas City Royals : RHP Larry Christenson
|
|
Pitching: RHP Larry Christenson
|
|
|
Batting: LHB Lenny Dykstra
|
0-0: Ball 1-0: Bunted foul 1-1: Foul Ball, location: 2F 1-2: Ball 2-2: DOUBLE (Line Drive, 7LS, EV 102.5 MPH)
|
|
Batting: RHB Kirby Puckett
|
0-0: Ball Lenny Dykstra is caught stealing 3rd base 2-5 1-0: Ground out 4-3 (Groundball, 4M, EV 101.3 MPH)
|
|
Batting: RHB Steve Garvey
|
0-0: DOUBLE (Flyball, 89XD, EV 110.0 MPH)
|
|
Batting: RHB Steve Balboni
|
0-0: Called Strike 0-1: Ball 1-1: Called Strike 1-2: Strikes out swinging
|
| Top of the 1st over - 0 runs, 2 hits, 0 errors, 1 left on base; Texas 0 - Kansas City 0 |
| BOTTOM OF THE 1ST |
|
Kansas City Royals batting - Pitching for Texas Rangers : RHP Catfish Hunter
|
|
Pitching: RHP Catfish Hunter
|
|
|
Batting: LHB Rick Manning
|
0-0: Ball 1-0: Ground out 4-3 (Groundball, 4, EV 93.1 MPH)
|
|
Batting: RHB Rickey Henderson
|
0-0: Ball 1-0: Foul Ball, location: 2F 1-1: Ball 2-1: Foul Ball, location: 2F 2-2: Foul Ball, location: 2F 2-2: Foul Ball, location: 2F 2-2: Foul Ball, location: 2F 2-2: Strikes out swinging
|
|
Batting: RHB Jeffrey Leonard
|
0-0: Foul Ball, location: 2F 0-1: Ground out 6-3 (Groundball, 56, EV 83.8 MPH)
|
| Bottom of the 1st over - 0 runs, 0 hits, 0 errors, 0 left on base; Texas 0 - Kansas City 0 |
| TOP OF THE 2ND |
|
Texas Rangers batting - Pitching for Kansas City Royals : RHP Larry Christenson
|
|
Batting: LHB Jody Helser
|
0-0: Called Strike 0-1: Called Strike 0-2: SINGLE (Groundball, 3D, EV 95.0 MPH)
|
|
Batting: LHB Richie Hebner
|
0-0: SINGLE (Groundball, 6MD, EV 102.5 MPH) Jody Helser to second Runner from 2nd tries for 3rd, SAFE, no throw by CF
|
|
Batting: LHB Ernie Whitt
|
0-0: Called Strike 0-1: Fly out, F7 (Flyball, 7D, EV 90.6 MPH) Runner from 3rd tags up, SCORES, no throw by LF
|
|
Batting: RHB Juan Rodriguez
|
0-0: Ball 1-0: Called Strike 1-1: Called Strike 1-2: Ball 2-2: Ball 3-2: Fly out, F7 (Flyball, 7, EV 96.3 MPH)
|
|
Batting: RHB Juan Samuel
|
0-0: Ground out 5-3 (Groundball, 56S, EV 93.8 MPH)
|
| Top of the 2nd over - 1 run, 2 hits, 0 errors, 1 left on base; Texas 1 - Kansas City 0 |
| BOTTOM OF THE 2ND |
|
Kansas City Royals batting - Pitching for Texas Rangers : RHP Catfish Hunter
|
|
Batting: LHB Alvin Davis
|
0-0: Called Strike 0-1: Ball 1-1: Swinging Strike 1-2: Ball 2-2: Foul Ball, location: 2F 2-2: Ball 3-2: Foul Ball, location: 2F 3-2: Foul Ball, location: 2F 3-2: SINGLE (Line Drive, 6D, EV 96.9 MPH)
|
|
Batting: RHB Gary Carter
|
0-0: Foul Ball, location: 2F 0-1: Fly out, F8 (Flyball, 8LXD, EV 90.0 MPH) Runner from 1st tags up, SAFE at 2nd
|
|
Batting: RHB Bob Horner
|
0-0: Ball 1-0: Ground out 2-3 (Groundball, 15S, EV 70.0 MPH) Alvin Davis to third
|
|
Batting: LHB Jim Eisenreich
|
0-0: Fly out, F7 (Line Drive, 7D, EV 95.6 MPH)
|
| Bottom of the 2nd over - 0 runs, 1 hit, 0 errors, 1 left on base; Texas 1 - Kansas City 0 |
| TOP OF THE 3RD |
|
Texas Rangers batting - Pitching for Kansas City Royals : RHP Larry Christenson
|
|
Batting: LHB Lenny Dykstra
|
0-0: Fly out, F8 (Line Drive, 8LM, EV 98.1 MPH)
|
|
Batting: RHB Kirby Puckett
|
0-0: Ground out 5-3 (Groundball, P, EV 86.9 MPH)
|
|
Batting: RHB Steve Garvey
|
0-0: Ball 1-0: Called Strike 1-1: Ball 2-1: Foul Ball, location: 2F 2-2: Fly out, F8 (Flyball, 89D, EV 93.8 MPH)
|
| Top of the 3rd over - 0 runs, 0 hits, 0 errors, 0 left on base; Texas 1 - Kansas City 0 |
| BOTTOM OF THE 3RD |
|
Kansas City Royals batting - Pitching for Texas Rangers : RHP Catfish Hunter
|
|
Batting: RHB Adrian Monrreal
|
0-0: SINGLE (Line Drive, 89S, EV 95.6 MPH)
|
|
Batting: RHB Charlie O'Brien
|
0-0: Fielders Choice at 2nd, 6-4 (Groundball, 56, EV 103.1 MPH)
|
|
Batting: LHB Rick Manning
|
0-0: Foul Ball, location: 2F 0-1: Ball 1-1: Ball 2-1: Foul Ball, location: 2F 2-2: Foul Ball, location: 2F 2-2: Fly out, F7 (Flyball, 7LS, EV 90.6 MPH)
|
|
Batting: RHB Rickey Henderson
|
0-0: Foul Ball, location: 2F 0-1: Foul Ball, location: 2F 0-2: Foul Ball, location: 2F 0-2: Ball 1-2: Ball 2-2: Fielders Choice at 2nd, 6-4 (Groundball, 6, EV 81.9 MPH)
|
| Bottom of the 3rd over - 0 runs, 1 hit, 0 errors, 1 left on base; Texas 1 - Kansas City 0 |
| TOP OF THE 4TH |
|
Texas Rangers batting - Pitching for Kansas City Royals : RHP Larry Christenson
|
|
Batting: RHB Steve Balboni
|
0-0: Ball 1-0: Ball 2-0: Ball 3-0: Base on Balls
|
|
Batting: LHB Jody Helser
|
0-0: Ball 1-0: Foul Ball, location: 2F 1-1: Swinging Strike 1-2: Ball 2-2: SINGLE (Groundball, 4MD, EV 105.6 MPH) Steve Balboni to second Runner from 2nd tries for 3rd, SAFE, throw by CF made to third
|
|
Batting: LHB Richie Hebner
|
0-0: Swinging Strike 0-1: Ball 1-1: Ball 2-1: Swinging Strike 2-2: Fly out, F9 (Flyball, 9S, EV 76.3 MPH)
|
|
Batting: LHB Ernie Whitt
|
0-0: Swinging Strike 0-1: Called Strike 0-2: Ball 1-2: Foul Ball, location: 2F 1-2: Fielders Choice at 2nd, 4-6 (Groundball, 4, EV 100.0 MPH) Steve Balboni scores
|
|
Batting: RHB Juan Rodriguez
|
0-0: Called Strike 0-1: Ball 1-1: Ground out 4-3 (Groundball, 4, EV 88.8 MPH)
|
| Top of the 4th over - 1 run, 1 hit, 0 errors, 1 left on base; Texas 2 - Kansas City 0 |
| BOTTOM OF THE 4TH |
|
Kansas City Royals batting - Pitching for Texas Rangers : RHP Catfish Hunter
|
|
Batting: RHB Jeffrey Leonard
|
0-0: Ball 1-0: Fly out, F3 (Popup, 3, EV 79.4 MPH)
|
|
Batting: LHB Alvin Davis
|
0-0: Ball 1-0: Foul Ball, location: 2F 1-1: Ball 2-1: Ball 3-1: SINGLE (Groundball, 4MD, EV 102.5 MPH)
|
|
Batting: RHB Gary Carter
|
0-0: Called Strike 0-1: Called Strike 0-2: Ball 1-2: Foul Ball, location: 2F 1-2: Foul Ball, location: 2F 1-2: SINGLE (Flyball, 34D, EV 86.9 MPH) Alvin Davis to second
|
|
Batting: RHB Bob Horner
|
0-0: Ball 1-0: Grounds into double play, 6-4-3 (Groundball, 6, EV 105.6 MPH)
|
| Bottom of the 4th over - 0 runs, 2 hits, 0 errors, 1 left on base; Texas 2 - Kansas City 0 |
| TOP OF THE 5TH |
|
Texas Rangers batting - Pitching for Kansas City Royals : RHP Larry Christenson
|
|
Batting: RHB Juan Samuel
|
0-0: Fly out, F9 (Flyball, 9S, EV 81.3 MPH)
|
|
Batting: LHB Lenny Dykstra
|
0-0: Called Strike 0-1: Fly out, F7 (Flyball, 7S, EV 94.4 MPH)
|
|
Batting: RHB Kirby Puckett
|
0-0: Called Strike 0-1: SINGLE (Flyball, 8LS, EV 96.9 MPH)
|
|
Batting: RHB Steve Garvey
|
0-0: Ball 1-0: Ball 2-0: Reached on error, E9 (Flyball, 9LS, EV 95.6 MPH) Kirby Puckett to third
|
|
Batting: RHB Steve Balboni
|
0-0: Called Strike 0-1: Ball 1-1: Fly out, F8 (Flyball, 8LM, EV 93.1 MPH)
|
| Top of the 5th over - 0 runs, 1 hit, 1 error, 2 left on base; Texas 2 - Kansas City 0 |
| BOTTOM OF THE 5TH |
|
Kansas City Royals batting - Pitching for Texas Rangers : RHP Catfish Hunter
|
|
Batting: LHB Jim Eisenreich
|
0-0: Ball 1-0: Ball 2-0: Ball 3-0: Ground out U3 (Groundball, 34, EV 99.4 MPH)
|
|
Batting: RHB Adrian Monrreal
|
0-0: Ball 1-0: Fly out, F4 (Popup, 34S, EV 75.0 MPH)
|
|
Batting: RHB Charlie O'Brien
|
0-0: Called Strike 0-1: Ball 1-1: Called Strike 1-2: Ground out 6-3 (Groundball, 6S, EV 77.5 MPH)
|
| Bottom of the 5th over - 0 runs, 0 hits, 0 errors, 0 left on base; Texas 2 - Kansas City 0 |
| TOP OF THE 6TH |
|
Texas Rangers batting - Pitching for Kansas City Royals : RHP Larry Christenson
|
|
Batting: LHB Jody Helser
|
0-0: Called Strike 0-1: Ball 1-1: Swinging Strike 1-2: SINGLE (Groundball, 6D, EV 98.8 MPH)
|
|
Batting: LHB Richie Hebner
|
0-0: Ball 1-0: Ball 2-0: SINGLE (Line Drive, 89S, EV 102.5 MPH) Jody Helser to second
|
|
Batting: LHB Ernie Whitt
|
0-0: Called Strike 0-1: Swinging Strike 0-2: SINGLE (Groundball, 4D, EV 107.5 MPH) Jody Helser to third Richie Hebner to second Runner from 3rd tries for Home, SAFE, throw by RF to home
|
|
Batting: RHB Juan Rodriguez
|
0-0: Foul Ball, location: 2F 0-1: Ball 1-1: Ball 2-1: Bunted foul 2-2: 3-RUN HOME RUN (Flyball, 7D, EV 110.0 MPH), Distance : 367 ft
|
|
Pitching: RHP Don Wilson
|
|
|
Batting: RHB Juan Samuel
|
0-0: Ball 1-0: Foul Ball, location: 2F 1-1: Ball 2-1: Ball 3-1: Called Strike 3-2: Foul Ball, location: 2F 3-2: Strikes out looking
|
|
Batting: LHB Lenny Dykstra
|
0-0: Called Strike 0-1: Ball 1-1: Ball 2-1: Ball 3-1: Base on Balls
|
|
Batting: RHB Kirby Puckett
|
0-0: Ball 1-0: Ball Lenny Dykstra steals 2nd base 2-0: SINGLE (Groundball, 6D, EV 100.0 MPH) Lenny Dykstra to third Runner from 3rd tries for Home, SAFE, throw by CF to home
|
|
Batting: RHB Steve Garvey
|
0-0: Ball 1-0: Ball 2-0: Called Strike 2-1: Fly out, F7 (Flyball, 78S, EV 88.1 MPH)
|
|
Batting: RHB Steve Balboni
|
0-0: Ball 1-0: Called Strike 1-1: Ball 2-1: Fly out, F3 (Popup, 3, EV 62.5 MPH)
|
| Top of the 6th over - 5 runs, 5 hits, 0 errors, 1 left on base; Texas 7 - Kansas City 0 |
| BOTTOM OF THE 6TH |
|
Kansas City Royals batting - Pitching for Texas Rangers : RHP Catfish Hunter
|
|
Batting: LHB Rick Manning
|
0-0: Ball 1-0: Called Strike 1-1: Fly out, F4 (Line Drive, 4, EV 66.9 MPH)
|
|
Batting: RHB Rickey Henderson
|
0-0: Called Strike 0-1: Ball 1-1: Reached on error, E3 (Line Drive, 34, EV 86.3 MPH)
|
|
Batting: RHB Jeffrey Leonard
|
0-0: Called Strike Rickey Henderson steals 2nd base 0-1: Ball 1-1: Ball 2-1: SINGLE (Line Drive, 34D, EV 103.8 MPH) Rickey Henderson to third Runner from 3rd tries for Home, SAFE, throw by RF to home Jeffrey Leonard to second
|
|
Batting: LHB Alvin Davis
|
0-0: Ball 1-0: Ball 2-0: Fly out, F9 (Flyball, 9LM, EV 90.0 MPH)
|
|
Batting: RHB Gary Carter
|
0-0: Ball 1-0: Ball 2-0: Swinging Strike 2-1: DOUBLE (Line Drive, 89D, EV 101.3 MPH) Jeffrey Leonard scores
|
|
Batting: RHB Bob Horner
|
0-0: Ball 1-0: Fly out, F7 (Flyball, 7D, EV 103.8 MPH)
|
| Bottom of the 6th over - 2 runs, 2 hits, 1 error, 1 left on base; Texas 7 - Kansas City 2 |
| TOP OF THE 7TH |
|
Texas Rangers batting - Pitching for Kansas City Royals : RHP Don Wilson
|
|
Batting: LHB Jody Helser
|
0-0: Called Strike 0-1: Called Strike 0-2: Ball 1-2: Hit by Pitch
|
|
Pinch Runner at 1st Rich Dauer:
|
|
|
Batting: LHB Richie Hebner
|
0-0: Ball 1-0: Fielders Choice at 2nd, 4-6 (Groundball, 4S, EV 85.6 MPH)
|
|
Batting: LHB Ernie Whitt
|
0-0: Ball 1-0: Fielders Choice at 2nd, 5-4 (Groundball, 56, EV 87.5 MPH)
|
|
Batting: RHB Juan Rodriguez
|
0-0: Called Strike 0-1: Ball 1-1: Ball 2-1: Called Strike 2-2: Fielders Choice at 2nd, 6-4 (Groundball, 56, EV 82.5 MPH)
|
| Top of the 7th over - 0 runs, 0 hits, 0 errors, 1 left on base; Texas 7 - Kansas City 2 |
| BOTTOM OF THE 7TH |
|
Kansas City Royals batting - Pitching for Texas Rangers : RHP Catfish Hunter
|
|
Now in LF: Dallas Williams
|
|
|
Batting: LHB Jim Eisenreich
|
0-0: Ball 1-0: Called Strike 1-1: Foul Ball, location: 2F 1-2: Foul Ball, location: 2F 1-2: Ground out 6-3 (Groundball, 6M, EV 101.9 MPH)
|
|
Batting: RHB Adrian Monrreal
|
0-0: Ball 1-0: Ball 2-0: Ball 3-0: Called Strike 3-1: Ground out 5-3 (Groundball, 5, EV 93.8 MPH)
|
|
Batting: RHB Charlie O'Brien
|
0-0: Fly out, F8 (Line Drive, 8RM, EV 88.1 MPH)
|
| Bottom of the 7th over - 0 runs, 0 hits, 0 errors, 0 left on base; Texas 7 - Kansas City 2 |
| TOP OF THE 8TH |
|
Texas Rangers batting - Pitching for Kansas City Royals : RHP Don Wilson
|
|
Batting: RHB Juan Samuel
|
0-0: Called Strike 0-1: Ball 1-1: Swinging Strike 1-2: Strikes out swinging
|
|
Batting: LHB Lenny Dykstra
|
0-0: Ball 1-0: Ball 2-0: Ball 3-0: Base on Balls
|
|
Batting: RHB Kirby Puckett
|
0-0: Foul Ball, location: 2F 0-1: Fielders Choice at 2nd, 6-4 (Groundball, 6, EV 108.1 MPH)
|
|
Batting: RHB Steve Garvey
|
0-0: Called Strike Kirby Puckett steals 2nd base 0-1: Fly out, F8 (Flyball, 8RM, EV 85.0 MPH)
|
| Top of the 8th over - 0 runs, 0 hits, 0 errors, 1 left on base; Texas 7 - Kansas City 2 |
| BOTTOM OF THE 8TH |
|
Kansas City Royals batting - Pitching for Texas Rangers : RHP Catfish Hunter
|
|
Batting: LHB Rick Manning
|
0-0: Called Strike 0-1: Ball 1-1: Ball 2-1: Foul Ball, location: 2F 2-2: Ball 3-2: Fly out, F9 (Flyball, 9D, EV 101.9 MPH)
|
|
Pitching: RHP George Stablein
|
|
|
Batting: RHB Rickey Henderson
|
0-0: Called Strike 0-1: Foul Ball, location: 2F 0-2: Ball 1-2: Foul Ball, location: 2F 1-2: Ball 2-2: Ground out 2-3 (Groundball, 15S, EV 69.4 MPH)
|
|
Batting: RHB Jeffrey Leonard
|
0-0: Called Strike 0-1: Ball 1-1: Swinging Strike 1-2: Ball 2-2: Foul Ball, location: 2F 2-2: Foul Ball, location: 2F 2-2: Strikes out swinging
|
| Bottom of the 8th over - 0 runs, 0 hits, 0 errors, 0 left on base; Texas 7 - Kansas City 2 |
| TOP OF THE 9TH |
|
Texas Rangers batting - Pitching for Kansas City Royals : RHP Don Wilson
|
|
Batting: RHB Steve Balboni
|
0-0: Ball 1-0: Swinging Strike 1-1: Ball 2-1: Foul Ball, location: 2F 2-2: Ball 3-2: SINGLE (Line Drive, 89M, EV 100.6 MPH)
|
|
Batting: LHB Dallas Williams
|
0-0: Swinging Strike 0-1: Swinging Strike 0-2: Ball 1-2: Foul Ball, location: 2F 1-2: Ball 2-2: Ball 3-2: Fly out, F8 (Flyball, 8RD, EV 90.0 MPH)
|
|
Batting: LHB Richie Hebner
|
0-0: Grounds into double play, 3-6-1 (Groundball, 3, EV 80.0 MPH)
|
| Top of the 9th over - 0 runs, 1 hit, 0 errors, 0 left on base; Texas 7 - Kansas City 2 |
| BOTTOM OF THE 9TH |
|
Kansas City Royals batting - Pitching for Texas Rangers : RHP George Stablein
|
|
Batting: LHB Alvin Davis
|
0-0: Called Strike 0-1: Foul Ball, location: 2F 0-2: Strikes out swinging
|
|
Batting: RHB Gary Carter
|
0-0: Ball 1-0: Ball 2-0: Called Strike 2-1: Ball 3-1: Fly out, F9 (Flyball, 9, EV 87.5 MPH)
|
|
Batting: RHB Bob Horner
|
0-0: Foul Ball, location: 2F 0-1: Ball 1-1: Foul Ball, location: 2F 1-2: Ball 2-2: Foul Ball, location: 2F 2-2: Fly out, F9 (Flyball, 9S, EV 91.3 MPH)
|
| Bottom of the 9th over - 0 runs, 0 hits, 0 errors, 0 left on base; Texas 7 - Kansas City 2 |
|